 Dungeon Sprint DCSS version 0.14-a0-3329-g86b2fc4 (webtiles) character file.

24965 BluebellGnoll the Impaler (level 12, -3/105 HPs)
             Began as a Demonspawn Berserker on Mar 16, 2014.
             Was the Champion of Trog.
             Shot with an arrow by a satyr (28 damage)
             ... in the Dungeon (Sprint IX: "|||||||||||||||||||||||||||||").
             The game lasted 00:35:58 (3373 turns).

BluebellGnoll the Impaler (Demonspawn Berserker)    Turns: 3373, Time: 00:35:58

HP  -3/105       AC 23     Str 28      XL: 12   Next: 78%
MP  12/12        EV  9     Int  9      God: Trog [******]
Gold 815         SH 42     Dex 15      Spells:  0 memorised, 11 levels left

rFire  . . .     SeeInvis .     w - +6,+8 trident "Chicoang" {pierce, rC+ MR++ Dex+2}
rCold  + . .     Clarity  .     K - +4 plate armour
rNeg   . . .     Conserve .     x - +1 large shield
rPois  .         rCorr    .     (helmet restricted)
rElec  .         rRot     .     I - +1 cloak
SustAb . .       Spirit   .     B - +0 pair of gloves
rMut   .         Warding  .     (boots unavailable)
Saprov . . .     NoTele   +     (no amulet)
MR     ++...                    n - +3 ring of strength
                                m - +3 ring of strength

@: afraid, very resistant to hostile enchantments, extremely unstealthy
A: claws 1, hooves 3, horns 1, demonic guardian 1, nightstalker 2
a: Burn Spellbooks, Berserk, Trog's Hand, Brothers in Arms, Renounce Religion


You were in the Dungeon.
You worshipped Trog.
Trog was exalted by your worship.
You were not hungry.

You visited 1 branch You collected 1917 gold pieces.
You spent 1102 gold pieces at shops.

Inventory:

Hand weapons
 v - a +1 blowgun
 w - the +6,+8 trident "Chicoang" (weapon) {pierce, rC+ MR++ Dex+2}
   (Trog gifted it to you in the Dungeon)

   It inflicts extra damage upon your enemies.
   It affects your dexterity (+2).
   It protects you from cold.
   It affects your resistance to hostile enchantments.
 C - the +10,+4 trident of the Octopus King {venom, rElec rPois MR+}
   (You bought it in a shop in the Dungeon)

   It poisons the flesh of those it strikes.
   It insulates you from electricity.
   It protects you from poison.
   It affects your resistance to hostile enchantments.
Missiles
 y - 15 tomahawks (quivered)
 H - 3 poisoned needles
Armour
 x - a +1 large shield (worn)
 B - a +0 pair of gloves (worn)
 I - a +1 cloak (worn)
 K - a +4 plate armour (worn)
Magical devices
 l - a wand of draining (7)
 D - a wand of digging (8) {unknown}
Comestibles
 c - 40 strawberries
 p - a chunk of worm flesh
 z - 12 bread rations
 A - 12 meat rations
Scrolls
 i - 3 scrolls of blinking
 k - 4 scrolls of remove curse
 o - a scroll of recharging
 t - a scroll of fear
 u - a scroll of enchant weapon III
 G - a scroll of fog
Jewellery
 m - a +3 ring of strength (left hand)
 n - a +3 ring of strength (right hand)
 E - an uncursed ring of see invisible
 F - an uncursed ring of sustenance
Potions
 a - a potion of brilliance
 b - a potion of resistance
 d - 4 potions of curing
 e - 10 potions of heal wounds
 f - a potion of haste
 g - 4 potions of magic
 h - 2 potions of berserk rage
 j - a potion of invisibility
 q - 2 potions of agility


   Skills:
 - Level 13.3 Fighting
 + Level 19.1 Polearms
 + Level 11.9 Armour
 - Level 11.5 Dodging
 - Level 12.6 Shields


You had 11 spell levels left.
You didn't know any spells.

Dungeon Overview and Level Annotations

Branches:
Dungeon (1/1)

Altars:
Ashenzari
Cheibriados
Dithmenos
Elyvilon
Fedhas
Kikubaaqudgha
Makhleb
Nemelex Xobeh
Okawaru
Sif Muna
Trog
Vehumet
Xom
Yredelemnul
Zin
The Shining One

Shops:
D (((*


Innate Abilities, Weirdness & Mutations

You have sharp fingernails.
You have hooves in place of feet.
You have a pair of small horns on your head.
A weak demonic guardian rushes to your aid.
You are significantly more attuned to the shadows.


Message History

The satyr radiates an aura of fear!
You are terrified of the satyr!
Attack whom?
Press: ? - help, Dir - move target cursor, f - satyr
Aim: a satyr, wielding a longbow (moderately wounded, inspiring fear)
You reach to attack!
You puncture the satyr!
The satyr is moderately wounded.
Attack whom?
Press: ? - help, Dir - move target cursor, f/p - satyr
Aim: a satyr, wielding a longbow (moderately wounded, inspiring fear)
You reach to attack!
You attempt to attack the satyr, but flinch away in fear!
Okay, then.
Attack whom?
Press: ? - help, Dir - move target cursor, f/p - satyr
Aim: a satyr, wielding a longbow (moderately wounded, inspiring fear)
You reach to attack!
You closely miss the satyr.
The satyr is moderately wounded.
The satyr shoots an arrow.
The arrow hits you!
You die...

▓(▓.▓[▓.▓'▓.▓.▓.▓_
▓)▓.▓.▓.▓)▓.▓.▓.▓_
▓)▓.▓.▓.▓)▓.▓.▓.▓_
▓.▓.▓[▓.▓)▓.▓.▓.▓_
▓.▓%▓.▓.▓)▓.▓%▓.▓_
▓)▓.▓.▓.▓)▓.▓.▓.▓_
▓.▓.▓.▓.▓)▓.▓.▓.▓_
▓.▓.▓.▓.▓)▓.▓.▓.▓_
♣@♣)▓.▓.▓)▓.▓.▓.▓_
♣(♣.▓.▓.▓)▓.▓.▓.▓_
♣c♣.▓)▓.▓.▓.▓.▓.▓_
♣H♣.▓)▓.▓)▓.▓)▓.▓_
♣.♣.▓.▓.▓.▓.▓.▓.▓'
♣.♣.▓.▓.▓'▓.▓)▓.▓.
♣.♣.▓(▓.▓[▓.▓'▓.▓?
♣.♣.▓(▓.▓.▓.▓.▓.▓|
♣%♣.▓)▓.▓.▓.▓.▓.▓)


You could see a griffon and a satyr.

Vanquished Creatures
  A fire giant (D)
  A stone giant (D)
  A fire dragon (D)
  A merfolk aquamancer (D)
  A minotaur (D)
  A hydra (D)
  2 ogre magi (D)
  A sea snake (D)
  3 orc knights (D)
  A harpy (D)
  2 griffons (D)
  A manticore (D)
  A wolf spider (D)
  2 komodo dragons (D)
  2 spiny frogs (D)
  A merfolk (D)
  A basilisk (D)
  A trapdoor spider (D)
  4 tarantellas (D)
  2 hippogriffs (D)
  2 wargs (D)
  A deep elf mage (D)
  3 hell hounds (D)
  3 wolves (D)
  A vampire mosquito (D)
  4 water moccasins (D)
  A yellow wasp (D)
  An ice beast (D)
  2 swamp drakes (D)
  7 orc warriors (D)
  2 crocodiles (D)
  A giant slug (D)
  5 giant frogs (D)
  An insubstantial wisp (D)
  A scorpion (D)
  A goliath beetle (D)
  2 orc priests (D)
  An orc wizard (D)
  A worker ant (D)
  A sheep (D)
  An adder (D)
  2 worms (D)
  An adder zombie (D)
  A giant gecko (D)
  An ooze (D)
  An orc (D)
  A bat (D)
  A bat skeleton (D)
  2 goblins (D)
  2 kobolds (D)
  A giant cockroach (D)
  A giant newt (D)
  A goblin zombie (D)
  A rat (D)
  A rat skeleton (D)
89 creatures vanquished.

Vanquished Creatures (collateral kills)
  2 stone giants (D)
  An ettin (D)
  Harold (D)
  Josephine (D)
  A hydra (D)
  2 anacondas (D)
  A naga warrior (D)
  3 ogre magi (D)
  A naga sharpshooter (D)
  An orc high priest (D)
  3 deep trolls (D)
  3 hill giants (D)
  An orc knight (D)
  A cyclops (D)
  2 black mambas (D)
  A yaktaur (D)
  A naga mage (D)
  A kobold demonologist (D)
  A hellwing (D)
  3 trolls (D)
  A komodo dragon (D)
  A deep elf priest (D)
  Sonja (D)
  A basilisk (D)
  An ugly thing (D)
  A hungry ghost (D)
  A mottled dragon (D)
  An orc warrior (D)
  An ogre (D)
  2 orc priests (D)
  2 orc wizards (D)
  An adder (D)
  A shadow imp (D)
  4 orcs (D)
  A ball python (D)
  A bat simulacrum (D)
  A giant newt zombie (D)
  A jackal zombie (D)
  A kobold simulacrum (D)
55 creatures vanquished.

Vanquished Creatures (others)
  A stone giant (D)
  A troll (D)
  4 two-headed ogres (D)
  3 ogres (D)
  14 quasits (D)
  7 crimson imps (D)
  11 iron imps (D)
  9 white imps (D)
  9 ufetubi (D)
  A plant (D)
60 creatures vanquished.

Grand Total: 204 creatures vanquished

Notes
Turn   | Place    | Note
--------------------------------------------------------------
     0 | D        | BluebellGnoll, the Demonspawn Berserker, began the quest for the Orb.
     0 | D        | Reached XP level 1. HP: 18/18 MP: 1/1
    22 | D        | Acquired Trog's second power
    49 | D        | Reached skill level 4 in Dodging
    49 | D        | Gained mutation: You have a pair of small horns on your head. [demonic ancestry]
    49 | D        | Reached XP level 2. HP: 17/24 MP: 2/2
    71 | D        | Found a basalt altar of Yredelemnul.
    71 | D        | Found a radiant altar of Vehumet.
    71 | D        | Found a shimmering altar of Xom.
    71 | D        | Found a glowing silver altar of Zin.
    71 | D        | Found an iron altar of Okawaru.
    71 | D        | Found a deep blue altar of Sif Muna.
    71 | D        | Found a sparkling altar of Nemelex Xobeh.
    72 | D        | Found a glowing golden altar of the Shining One.
    73 | D        | Found a burning altar of Makhleb.
    74 | D        | Found a shattered altar of Ashenzari.
    75 | D        | Found a white marble altar of Elyvilon.
    76 | D        | Found a blossoming altar of Fedhas.
    77 | D        | Found an ancient bone altar of Kikubaaqudgha.
    78 | D        | Found a shadowy altar of Dithmenos.
    79 | D        | Found a bloodstained altar of Trog.
    80 | D        | Found a snail-covered altar of Cheibriados.
    81 | D        | Found an iron altar of Okawaru.
    82 | D        | Found a glowing silver altar of Zin.
   143 | D        | Noticed a goliath beetle
   143 | D        | Noticed a water moccasin
   143 | D        | Noticed an ice beast
   143 | D        | Noticed a worker ant
   152 | D        | Killed a goliath beetle
   152 | D        | Gained mutation: A weak demonic guardian rushes to your aid. [demonic ancestry]
   152 | D        | Reached XP level 3. HP: 26/29 MP: 3/3
   154 | D        | Killed a water moccasin
   154 | D        | Acquired Trog's third power
   154 | D        | Reached skill level 8 in Armour
   154 | D        | Gained mutation: You are slightly more attuned to the shadows. [demonic ancestry]
   154 | D        | Reached XP level 4. HP: 32/35 MP: 4/4
   154 | D        | Reached XP level 5. HP: 37/41 MP: 5/5
   159 | D        | Killed an ice beast
   159 | D        | Reached skill level 10 in Armour
   164 | D        | Killed a worker ant
   164 | D        | Reached XP level 6. HP: 25/47 MP: 6/6
   292 | D        | Noticed an ogre
   292 | D        | Noticed a hungry ghost
   292 | D        | Noticed a giant frog
   292 | D        | Noticed a cyclops
   292 | D        | Noticed a white ugly thing
   292 | D        | Noticed an orc warrior
   298 | D        | Killed an ogre
   298 | D        | Reached skill level 5 in Polearms
   318 | D        | Killed a hungry ghost
   325 | D        | Killed a giant frog
   334 | D        | Killed a cyclops
   334 | D        | Gained mutation: You have large cloven feet. [demonic ancestry]
   334 | D        | Reached XP level 7. HP: 7/52 MP: 7/7
   345 | D        | Killed a white ugly thing
   345 | D        | Reached skill level 10 in Polearms
   346 | D        | Killed an orc warrior
   716 | D        | Noticed a crocodile
   716 | D        | Noticed a giant frog
   716 | D        | Noticed a komodo dragon
   726 | D        | Killed a crocodile
   726 | D        | Reached skill level 5 in Dodging
   728 | D        | Killed a giant frog
   731 | D        | Noticed a giant frog
   736 | D        | Killed a komodo dragon
   736 | D        | Reached XP level 8. HP: 56/58 MP: 8/8
   738 | D        | Received a gift from Trog
   740 | D        | Killed a giant frog
   776 | D        | Noticed a spiny frog
   813 | D        | Killed a spiny frog
   813 | D        | Reached skill level 10 in Dodging
   933 | D        | Noticed a crocodile
   933 | D        | Noticed a water moccasin
   933 | D        | Noticed a basilisk
   933 | D        | Noticed a komodo dragon
   933 | D        | Noticed a griffon
   933 | D        | Noticed a giant slug
   938 | D        | Killed a crocodile
   938 | D        | Received a gift from Trog
   940 | D        | Noticed a giant frog
   941 | D        | Killed a water moccasin
   942 | D        | Noticed a water moccasin
   946 | D        | Killed a komodo dragon
   946 | D        | Reached skill level 11 in Dodging
   954 | D        | Noticed a hippogriff
  1298 | D        | Killed a basilisk
  1298 | D        | Gained mutation: You have sharp fingernails. [demonic ancestry]
  1298 | D        | Reached XP level 9. HP: 49/65 MP: 9/9
  1307 | D        | Killed a griffon
  1307 | D        | Reached skill level 5 in Fighting
  1310 | D        | Killed a giant slug
  1312 | D        | Killed a giant frog
  1315 | D        | Killed a water moccasin
  1321 | D        | Killed a hippogriff
  1321 | D        | Received a gift from Trog
  1321 | D        | Reached skill level 12 in Polearms
  1356 | D        | Got a dazzling trident {god gift}
  1375 | D        | Identified the +6,+8 trident "Chicoang" {pierce, rC+ MR++ Dex+2} (Trog gifted it to you in the Dungeon)
  1477 | D        | Noticed a warg
  1477 | D        | Noticed a hell hound
  1477 | D        | Noticed a wolf
  1477 | D        | Noticed a wolf
  1478 | D        | Noticed a hell hound
  1488 | D        | Killed a warg
  1491 | D        | Noticed a hell hound
  1494 | D        | Killed a hell hound
  1497 | D        | Killed a hell hound
  1499 | D        | Killed a wolf
  1501 | D        | Noticed a wolf
  1501 | D        | Killed a hell hound
  1501 | D        | Received a gift from Trog
  1503 | D        | Killed a wolf
  1506 | D        | Killed a wolf
  1507 | D        | Noticed a warg
  1515 | D        | Killed a warg
  1734 | D        | Noticed an orc priest
  1734 | D        | Noticed an orc wizard
  1734 | D        | Noticed a stone giant
  1734 | D        | Noticed an orc knight
  1735 | D        | Noticed an orc wizard
  1739 | D        | Killed an orc priest
  1739 | D        | Reached skill level 13 in Polearms
  1751 | D        | Noticed an orc high priest
  1752 | D        | Killed an orc wizard
  1752 | D        | Received a gift from Trog
  1753 | D        | Noticed an orc priest
  1760 | D        | Killed a stone giant
  1760 | D        | Gained mutation: You have hoof-like feet. [demonic ancestry]
  1760 | D        | Reached XP level 10. HP: 65/83 MP: 10/10
  1762 | D        | Killed an orc knight
  1763 | D        | Killed an orc wizard
  1766 | D        | Noticed a sixfirhy
  1766 | D        | Killed an orc high priest
  1768 | D        | Noticed an orc priest
  1768 | D        | Killed an orc priest
  1770 | D        | Killed an orc priest
  1776 | D        | Noticed an orc wizard
  1782 | D        | Killed an orc wizard
  1782 | D        | Received a gift from Trog
  1850 | D        | Noticed an orc priest
  1850 | D        | Noticed an orc warrior
  1850 | D        | Noticed an orc warrior
  1850 | D        | Noticed an orc warrior
  1850 | D        | Noticed an orc knight
  1851 | D        | Noticed an orc knight
  1869 | D        | Killed an orc warrior
  1869 | D        | Received a gift from Trog
  1869 | D        | Reached skill level 14 in Polearms
  1874 | D        | Killed an orc warrior
  1875 | D        | Noticed an orc warrior
  1879 | D        | Killed an orc knight
  1879 | D        | Reached skill level 10 in Fighting
  1881 | D        | Killed an orc warrior
  1882 | D        | Noticed an orc warrior
  1884 | D        | Killed an orc knight
  1885 | D        | Noticed an orc warrior
  1886 | D        | Noticed an orc knight
  1886 | D        | Killed an orc priest
  1887 | D        | Killed an orc warrior
  1888 | D        | Noticed an orc warrior
  1892 | D        | Killed an orc warrior
  1896 | D        | Killed an orc knight
  1896 | D        | Reached skill level 15 in Polearms
  1898 | D        | Killed an orc warrior
  1898 | D        | Received a gift from Trog
  1901 | D        | Killed an orc warrior
  2056 | D        | Found Tohielekikk's Antique Weapon Emporium.
  2056 | D        | Noticed a troll
  2056 | D        | Noticed an ogre mage
  2056 | D        | Noticed an ogre mage
  2056 | D        | Noticed a hill giant
  2056 | D        | Noticed a hill giant
  2058 | D        | Noticed an ogre mage
  2059 | D        | Killed a troll
  2061 | D        | Killed an ogre mage
  2063 | D        | Killed a hill giant
  2063 | D        | Killed a hill giant
  2063 | D        | Received a gift from Trog
  2063 | D        | Gained mutation: You are significantly more attuned to the shadows. [demonic ancestry]
  2063 | D        | Reached XP level 11. HP: 93/95 MP: 11/11
  2066 | D        | Killed an ogre mage
  2068 | D        | Killed an ogre mage
  2068 | D        | Reached skill level 16 in Polearms
  2089 | D        | Found Noariun's Antique Weapon Shoppe.
  2091 | D        | Noticed a troll
  2092 | D        | Found Myus' Antique Weapon Emporium.
  2092 | D        | Noticed a hill giant
  2094 | D        | Noticed an ogre mage
  2099 | D        | Killed a troll
  2101 | D        | Killed a hill giant
  2110 | D        | Killed an ogre mage
  2110 | D        | Received a gift from Trog
  2113 | D        | Found Ofeshaho's Assorted Antiques.
  2115 | D        | Noticed a troll
  2116 | D        | Noticed a deep troll
  2117 | D        | Noticed an ettin
  2118 | D        | Noticed a deep troll
  2132 | D        | Killed a deep troll
  2136 | D        | Killed a troll
  2138 | D        | Killed an ettin
  2140 | D        | Killed a deep troll
  2221 | D        | Bought the +10,+4 trident of the Octopus King {venom, rElec rPois MR+} for 1102 gold pieces
  2242 | D        | Noticed Harold
  2264 | D        | Killed Harold
  2264 | D        | Reached skill level 17 in Polearms
  2472 | D        | Noticed Josephine
  2478 | D        | Killed Josephine
  2656 | D        | Noticed a yaktaur
  2656 | D        | Noticed a mottled dragon
  2656 | D        | Noticed a komodo dragon
  2656 | D        | Noticed a kobold demonologist
  2656 | D        | Noticed a basilisk
  2658 | D        | Noticed an ogre mage
  2663 | D        | Killed a yaktaur
  2663 | D        | Reached skill level 1 in Shields
  2664 | D        | Killed a mottled dragon
  2690 | D        | Killed a komodo dragon
  2693 | D        | Killed a kobold demonologist
  2700 | D        | Killed a basilisk
  2706 | D        | Killed an ogre mage
  2706 | D        | Reached skill level 5 in Shields
  2707 | D        | Noticed a hippogriff
  2709 | D        | Noticed a giant frog
  2712 | D        | Killed a hippogriff
  2715 | D        | Killed a giant frog
  2744 | D        | Noticed a fire dragon
  2751 | D        | Noticed a stone giant
  2753 | D        | Noticed a fire giant
  2754 | D        | Killed a fire dragon
  2761 | D        | Killed a stone giant
  2763 | D        | Noticed a minotaur
  2765 | D        | Killed a fire giant
  2765 | D        | Reached skill level 10 in Shields
  2766 | D        | Noticed a deep elf mage
  2769 | D        | Killed a minotaur
  2769 | D        | Gained mutation: You have hooves in place of feet. [demonic ancestry]
  2769 | D        | Reached XP level 12. HP: 64/105 MP: 12/12
  2770 | D        | Noticed a deep elf priest
  2771 | D        | Noticed a stone giant
  2773 | D        | Killed a deep elf mage
  2776 | D        | Killed a deep elf priest
  2798 | D        | Killed a stone giant
  3043 | D        | Noticed Sonja
  3072 | D        | Killed Sonja
  3135 | D        | Noticed a wolf spider
  3135 | D        | Noticed a tarantella
  3135 | D        | Noticed a yellow wasp
  3135 | D        | Noticed a tarantella
  3140 | D        | Killed a wolf spider
  3142 | D        | Noticed a tarantella
  3145 | D        | Killed a tarantella
  3150 | D        | Noticed a tarantella
  3152 | D        | Killed a yellow wasp
  3156 | D        | Killed a tarantella
  3160 | D        | Killed a tarantella
  3162 | D        | Killed a tarantella
  3177 | D        | Received a gift from Trog
  3183 | D        | Noticed a scorpion
  3187 | D        | Killed a scorpion
  3192 | D        | Noticed a trapdoor spider
  3195 | D        | Killed a trapdoor spider
  3198 | D        | Noticed a naga mage
  3198 | D        | Noticed a naga sharpshooter
  3198 | D        | Noticed a black mamba
  3206 | D        | Killed a naga mage
  3212 | D        | Killed a naga sharpshooter
  3213 | D        | Noticed a naga warrior
  3213 | D        | Killed a black mamba
  3214 | D        | Noticed an anaconda
  3215 | D        | Noticed an anaconda
  3216 | D        | Noticed a black mamba
  3218 | D        | Killed a naga warrior
  3220 | D        | Killed an anaconda
  3221 | D        | Killed an anaconda
  3224 | D        | Killed a black mamba
  3230 | D        | Received a gift from Trog
  3240 | D        | Noticed an eight-headed hydra
  3240 | D        | Noticed a water moccasin
  3240 | D        | Noticed a vampire mosquito
  3240 | D        | Noticed a swamp drake
  3250 | D        | Killed an eight-headed hydra
  3251 | D        | Noticed a four-headed hydra
  3256 | D        | Killed a water moccasin
  3257 | D        | Noticed a spiny frog
  3260 | D        | Killed a vampire mosquito
  3260 | D        | Reached skill level 18 in Polearms
  3264 | D        | Noticed a swamp drake
  3264 | D        | Killed a swamp drake
  3271 | D        | Killed a four-headed hydra
  3275 | D        | Killed a spiny frog
  3278 | D        | Killed a swamp drake
  3286 | D        | Received a gift from Trog
  3288 | D        | Noticed an insubstantial wisp
  3296 | D        | Killed an insubstantial wisp
  3315 | D        | Noticed a sea snake
  3315 | D        | Noticed a merfolk
  3315 | D        | Noticed a manticore
  3315 | D        | Noticed a griffon
  3315 | D        | Noticed a harpy
  3324 | D        | Noticed a merfolk aquamancer
  3325 | D        | Killed a sea snake
  3332 | D        | Killed a merfolk
  3337 | D        | Killed a griffon
  3340 | D        | Killed a manticore
  3344 | D        | Noticed a satyr
  3345 | D        | Killed a harpy
  3366 | D        | Killed a merfolk aquamancer
  3366 | D        | Received a gift from Trog
  3366 | D        | Reached skill level 19 in Polearms
  3367 | D        | Noticed a griffon
  3368 | D        | HP: 3/105 [satyr/arrow (24)]
  3373 | D        | Shot with an arrow by a satyr

Action                   |  1- 3 |  4- 6 |  7- 9 | 10-12 || total
-------------------------+-------+-------+-------+-------++-------
Melee: Spear             |    47 |       |       |       ||    47
       Halberd           |    10 |    15 |    61 |       ||    86
       Trident           |       |       |    30 |   172 ||   202
Invok: Berserk           |     1 |       |     4 |     2 ||     7
       Brothers in Arms  |       |     1 |     2 |    16 ||    19
       Trog's Hand       |       |       |       |     4 ||     4
  Use: Potion            |       |       |     2 |     1 ||     3
       Scroll            |       |       |       |     2 ||     2
